Map: Pillars of Gold LE

Players

PaRaGoNPasT - Winner!

  • Race: Zerg Zerg
  • League: Master
  • Spawn Location: 7:00

Savi

  • Race: Protoss Protoss
  • League: Master
  • Spawn Location: 1:00

VOD

Have the link to the VOD?

Description

Time

  • Played on: Nov. 9, 2020, 3:04 a.m.
  • Length: 8:00
Show
View Real Time Build Order
Export as new Build Order

PaRaGoNPasT Zerg - Winner!

Build Orders: Hatch First 

Get SALT Encoding   

  12  0:00  Drone  
  13  0:13  Overlord  
  13  0:18  Drone  
  14  0:32  Drone x2  
  16  0:50  Hatchery  
  16  0:53  Drone  
  16  0:57  Drone  
  16  1:01  Drone  
  18  1:11  Extractor  
  18  1:17  Spawning Pool  
  16  1:19  Drone  
  16  1:24  Drone  
  18  1:30  Drone  
  19  1:40  Overlord  
  19  1:52  Drone  
  20  2:04  Queen x2  
  20  2:05  Zergling x4  
  26  2:12  Metabolic Boost  
  26  2:15  Drone  
  27  2:19  Drone  
  28  2:37  Hatchery  
  28  2:38  Drone  
  28  2:40  Drone  
  30  2:44  Drone  
  30  2:48  Overlord  
  30  2:52  Drone  
  30  2:54  Drone  
  30  2:57  Drone  
  33  2:59  Drone  
  33  3:05  Queen  
  34  3:09  Drone  
  34  3:10  Drone  
  38  3:15  Drone x2  
  38  3:18  Drone  
  41  3:21  Drone x2  
  41  3:23  Drone  
  43  3:31  Overlord  
  43  3:32  Overlord  
  43  3:41  Spore Crawler  
  42  3:42  Spore Crawler  
  42  3:43  Overlord  
  41  3:48  Lair  
  41  3:52  Roach Warren  
  40  3:56  Drone x2  
  40  3:57  Extractor x2  
  40  4:03  Drone x3  
  40  4:05  Drone  
  40  4:06  Drone  
  40  4:09  Drone  
  44  4:10  Drone  
  45  4:18  Drone x2  
  45  4:19  Drone x3  
  50  4:24  Drone  
  50  4:28  Drone x2  
  50  4:29  Drone  
  54  4:32  Drone  
  54  4:33  Spore Crawler, Drone  
  55  4:40  Drone x2  
  55  4:43  Overlord  
  55  4:44  Drone  
  58  4:55  Hydralisk Den, Drone, Baneling Nest  
  58  4:56  Drone  
  58  4:57  Evolution Chamber x2  
  58  4:58  Drone x2  
  58  4:59  Extractor  
  57  5:03  Extractor  
  56  5:22  Overlord  
  56  5:23  Overlord x4  
  56  5:24  Zerg Melee Weapons Level 1  
  56  5:27  Muscular Augments  
  56  5:40  Centrifical Hooks  
  56  5:46  Zerg Missile Weapons Level 1  
  56  5:54  Zergling x18  
  56  5:55  Zergling x8  
  68  6:00  Hydralisk  
  68  6:01  Hydralisk x3  
  68  6:03  Hydralisk  
  76  6:08  Hydralisk  
  80  6:12  Hydralisk  
  80  6:16  Hydralisk  
  80  6:17  Overlord  
  80  6:18  Overlord  
  84  6:21  Overlord  
  84  6:25  Hydralisk  
  86  6:28  Hydralisk  
  88  6:36  Drone x2  
  88  6:37  Drone x2  
  88  6:39  Hydralisk  
  92  6:41  Extractor, Hydralisk  
  95  6:47  Hydralisk x2  
  95  6:50  Hydralisk  
  101  7:02  Hydralisk  
  101  7:07  Zergling x6  
  106  7:12  Hatchery  
  105  7:19  Baneling x12  
  105  7:20  Baneling x4  
  105  7:26  Zergling x2  
  105  7:27  Zergling x4  
  108  7:32  Zergling x2  
  108  7:33  Zergling x8  
  113  7:40  Overlord  
  113  7:41  Overlord  
Show
View Real Time Build Order
Export as new Build Order

Savi Protoss 

Build Orders: 1 Gate Expand, Oracle Opening 

Get SALT Encoding   

  12  0:01  Probe  
  13  0:13  Probe  
  14  0:19  Pylon  
  14  0:25  Probe  
  15  0:37  Gateway  
  15  0:41  Probe (Chrono Boost)  
  16  0:49  Probe (Chrono Boost)  
  17  0:50  Assimilator  
  17  0:55  Probe  
  18  1:07  Probe  
  19  1:20  Probe  
  20  1:34  Nexus  
  20  1:39  Cybernetics Core  
  20  1:42  Probe  
  21  1:49  Assimilator  
  22  1:54  Probe  
  22  2:03  Pylon  
  22  2:08  Probe  
  23  2:18  Adept (Chrono Boost)  
  23  2:21  Probe  
  26  2:24  Stargate  
  25  2:33  Probe  
  25  2:34  Warp Gate  
  26  2:39  Adept (Chrono Boost)  
  28  2:48  Probe (Chrono Boost)  
  28  2:50  Probe (Chrono Boost)  
  30  2:57  Probe (Chrono Boost)  
  32  3:00  Probe (Chrono Boost)  
  32  3:02  Probe (Chrono Boost)  
  33  3:06  Oracle (Chrono Boost)  
  33  3:09  Probe  
  37  3:17  Gateway  
  37  3:20  Shield Battery  
  37  3:25  Probe  
  37  3:26  Probe  
  37  3:35  Pylon  
  37  3:36  Void Ray (Chrono Boost)  
  37  3:37  Stalker  
  39  3:41  Probe x2  
  45  3:54  Pylon  
  45  3:55  Probe x2  
  47  3:57  Assimilator  
  47  4:07  Probe x2  
  47  4:08  Void Ray (Chrono Boost)  
  53  4:19  Probe x2  
  55  4:27  Adept  
  57  4:33  Probe x2  
  59  4:45  Nexus  
  59  4:48  Pylon  
  59  4:57  Twilight Council, Void Ray (Chrono Boost)  
  59  4:59  Probe x2  
  61  5:02  Pylon, Assimilator  
  61  5:04  Pylon  
  65  5:12  Probe x2  
  65  5:13  Shield Battery  
  67  5:20  Pylon  
  67  5:24  Probe x2  
  69  5:33  Charge (Chrono Boost), Gateway  
  69  5:34  Gateway  
  69  5:36  Probe x2  
  69  5:41  Gateway  
  71  5:45  Templar Archives  
  71  5:52  Robotics Facility  
  71  5:56  Probe x2  
  73  6:00  Forge  
  73  6:04  Forge  
  73  6:06  Pylon  
  73  6:10  Psionic Storm  
  73  6:11  Probe x3  
  76  6:23  Probe x3  
  79  6:35  Probe x3  
  82  6:44  High Templar x2  
  82  6:45  Zealot x2, High Templar  
  92  6:47  Probe  
  92  6:48  Probe, Pylon  
  92  6:49  Assimilator  
  94  6:55  Gateway, Assimilator  
  94  6:56  Gateway  
  94  6:59  Probe x2  
  96  7:04  Probe  
  96  7:05  Pylon  
  97  7:09  Gateway x2  
  97  7:11  Probe  
  97  7:13  High Templar  
  97  7:14  High Templar  
  102  7:20  Probe x2  
  104  7:26  Photon Cannon  
  104  7:27  Photon Cannon  
  104  7:29  Shield Battery  
  100  7:31  Shield Battery  
  100  7:36  Zealot x3  
  69  7:55  Zealot x2  
  69  7:56  Zealot x3  
Tags
 
Add a new tag
Caveats
  • Supply blocks, unpowered buildings, or Contaminate may cause inaccurate times.
  • Supply counts are checked every 10 seconds.